Map: Dusk Towers

Players

Jerit - Winner!

  • Race: Zerg Zerg

VOD

Have the link to the VOD?

Description

Time

  • Played on: Nov. 16, 2015, 7:25 p.m.
  • Length: 5:25
Show
View Real Time Build Order
Export as new Build Order

Jerit Zerg - Winner!

Build Orders: Hatch First 

Get SALT Encoding   

  12  0:03  Drone  
  12  0:13  Overlord  
  12  0:20  Drone  
  12  0:31  Drone  
  12  0:32  Drone  
  12  0:37  Drone  
  12  0:55  Drone  
  12  0:57  Hatchery  
  12  1:00  Drone  
  12  1:04  Extractor  
  12  1:14  Spawning Pool  
  12  1:17  Drone  
  12  1:20  Drone  
  12  1:30  Drone  
  12  1:40  Overlord  
  12  2:02  Queen  
  12  2:06  Metabolic Boost  
  12  2:09  Queen  
  12  2:10  Zergling x2  
  12  2:11  Zergling x4  
  12  2:21  Drone  
  12  2:26  Drone  
  12  2:27  Drone  
  12  2:32  Drone  
  12  2:35  Drone  
  12  2:40  Roach Warren  
  12  2:43  Drone  
  12  2:45  Drone  
  12  2:52  Drone  
  12  2:55  Drone  
  12  3:03  Overlord  
  12  3:07  Overlord  
  12  3:13  Overlord  
  12  3:20  Roach  
  12  3:21  Roach x3  
  12  3:22  Roach  
  12  3:29  Overlord  
  12  3:31  Zergling x2  
  12  3:32  Zergling x2  
  12  3:37  Zergling x2  
  12  3:43  Ravager  
  12  3:46  Ravager  
  12  3:52  Zergling x16  
  12  4:01  Zergling x4  
  12  4:06  Zergling x2  
  12  4:15  Ravager  
  12  4:22  Zergling x4  
  12  4:27  Overlord  
  12  4:28  Overlord  
  12  4:29  Zergling x8  
  12  4:30  Zergling x2  
  12  4:46  Ravager  
  12  5:11  Ravager  
Tags
 
Add a new tag
Caveats
  • Supply blocks, unpowered buildings, or Contaminate may cause inaccurate times.
  • Supply counts are checked every 10 seconds.